 Dungeon Crawl Stone Soup version 0.16-b1 (webtiles) character file.

335 McCoppin the Covert (level 6, 0/35 HPs)
             Began as a Kobold Assassin on Mar 10, 2015.
             Was an Initiate of Dithmenos.
             Slain by a shadow imp (1 damage)
             ... on level 5 of the Dungeon.
             The game lasted 00:20:21 (3264 turns).

McCoppin the Covert (Kobold Assassin)               Turns: 3264, Time: 00:20:21

Health: 0/35       AC:  3    Str:  9    XL:     6   Next: 84%
Magic:  6/6        EV: 14    Int:  9    God:    Dithmenos [......]
Gold:   103        SH:  0    Dex: 20    Spells: 0 memorised, 5 levels left

rFire  . . .     SeeInvis .     a - +1 dagger (speed)
rCold  . . .     Clarity  .     c - +0 robe
rNeg   . . .     SustAb   .     (no shield)
rPois  .         Gourm    .     n - +0 hat
rElec  .         Spirit   .     d - +0 cloak
rCorr  .         Warding  .     (no gloves)
rMut   .         Stasis   .     (no boots)
MR     .....                    (no amulet)
Stlth  +++++.....               (no ring)
                                (no ring)

@: not resistant to hostile enchantments, quite stealthy
A: carnivore 3
a: Renounce Religion


You were on level 5 of the Dungeon.
You worshipped Dithmenos.
Dithmenos was noncommittal.
You were full.

You visited 2 branches of the dungeon, and saw 6 of its levels.

You collected 103 gold pieces.

Inventory:

Hand weapons
 a - a +1 dagger of speed (weapon)
 b - a +0 blowgun
 s - a +2 dagger
Missiles
 f - 6 poisoned needles
 i - a curare-tipped needle
 m - 9 tomahawks (quivered)
 p - a throwing net
Armour
 c - a +0 robe (worn)
 d - a +0 cloak (worn)
 n - a +0 hat (worn)
 q - a +0 leather armour of cold resistance
Scrolls
 e - a scroll of noise {unknown}
 j - a scroll of amnesia {unknown}
 l - a scroll of enchant weapon {unknown}
 t - a scroll of recharging {unknown}
 v - a scroll of fear {unknown}
 w - a scroll of remove curse {unknown}
Potions
 k - 2 potions of resistance {unknown}
 r - a potion of curing
Comestibles
 g - a meat ration


   Skills:
 - Level 2.1 Fighting
 - Level 2.6 Short Blades
 + Level 3.6 Throwing
 - Level 1.2 Dodging
 - Level 10.2 Stealth


You had 5 spell levels left.
You didn't know any spells.

Dungeon Overview and Level Annotations

Branches:
Dungeon (5/15)             Temple (1/1) D:4

Altars:
Ashenzari
Cheibriados
Dithmenos
Elyvilon
Fedhas
Kikubaaqudgha
Makhleb
Nemelex Xobeh
Qazlal
Ru
Trog
Xom
Yredelemnul
The Shining One

Shops:
D:4 (

Annotations:
D:3 herpmino's ghost, weakling DsGl


Innate Abilities, Weirdness & Mutations

You are small and have problems with some larger weapons.
You are carnivorous and can eat meat at any time.


Message History

* * * LOW HITPOINT WARNING * * *
Throwing (i - inventory. (,) - cycle):
u - a silver tomahawk (quivered)
Press: ? - help, Shift-Dir - straight line, f/p - shadow imp
Aim: a shadow imp You throw a silver tomahawk.
The silver tomahawk hits the shadow imp.
The shadow imp is heavily wounded.
Wield which item (- for none, * to show all)? (? for menu, Esc to quit)
Your hands tingle!
a - a +1 dagger of speed (weapon)
You hit the shadow imp.
The shadow imp is severely wounded.
The shadow imp hits you.
* * * LOW HITPOINT WARNING * * *
You hit the shadow imp.
The shadow imp is almost dead.
You barely miss the shadow imp.
The shadow imp is almost dead.
The shadow imp hits you.
You die...

#..#....#.......#...(.#....#.
#..#....'.......#.....'....+.
#.......#...(...'.....#....#.
#.......#.......#...###...##.
#######'#.....###...###...##.
#...#.....#...>.#.....###
#...'.....'.....#........
#...#...5.#(....'........
##..#(..@.#+###'###+#####
########.........#..###.
#.........#......
#.........+......
#.........#......
#.........#......
#...........###'#
############..... #..<..


You could see a shadow imp.

Vanquished Creatures
  Sigmund (D:2)
  A centaur skeleton (D:5)
  An orc wizard (D:4)
  A hound (D:4)
  2 worker ants (D:4)
  A hound skeleton (D:4)
  3 gnolls (D:5)
  2 adders
  A shadow imp (D:5)
  4 orcs
  A ball python (D:1)
  5 bats
  A giant cockroach (D:1)
  3 goblins
  9 hobgoblins
  4 jackals (D:5)
  3 giant geckos
  2 giant newts
  4 kobolds
  6 rats
55 creatures vanquished.

Notes
Turn   | Place    | Note
--------------------------------------------------------------
     0 | D:1      | McCoppin, the Kobold Assassin, began the quest for the Orb.
     0 | D:1      | Reached XP level 1. HP: 12/12 MP: 1/1
   162 | D:1      | Reached XP level 2. HP: 17/17 MP: 2/2
   198 | D:2      | Reached skill level 6 in Stealth
   204 | D:2      | Noticed Sigmund
   479 | D:2      | Reached XP level 3. HP: 11/21 MP: 3/3
   631 | D:2      | Killed Sigmund
   631 | D:2      | Reached skill level 8 in Stealth
   631 | D:2      | Reached XP level 4. HP: 17/26 MP: 4/4
   792 | D:2      | Reached XP level 5. HP: 23/30 MP: 5/5
  1013 | D:3      | Found a sparkling altar of Nemelex Xobeh.
  1074 | D:3      | Noticed herpmino's ghost (weakling DsGl)
  1367 | D:4      | Reached skill level 9 in Stealth
  1390 | D:4      | Found a shimmering altar of Xom.
  1410 | D:4      | Found a shimmering altar of Xom.
  1412 | D:4      | Found a shimmering altar of Xom.
  1412 | D:4      | Found a shimmering altar of Xom.
  1413 | D:4      | Found a shimmering altar of Xom.
  1413 | D:4      | Found a shimmering altar of Xom.
  1416 | D:4      | Found a shimmering altar of Xom.
  1505 | D:4      | Found Ghaitroh's Antique Weapon Shop.
  1567 | D:4      | Found a staircase to the Ecumenical Temple.
  1575 | Temple   | Entered the Ecumenical Temple
  1983 | Temple   | Became a worshipper of Dithmenos the Shadowed
  2026 | D:4      | Reached XP level 6. HP: 30/35 MP: 6/6
  2168 | D:4      | Reached skill level 10 in Stealth
  2475 | D:5      | Entered Level 5 of the Dungeon
  2694 | D:5      | Found Atzolaott's Book Boutique.
  3262 | D:5      | HP: 1/35 [shadow imp (1)]
  3264 | D:5      | Slain by a shadow imp

Action                   |  1- 3 |  4- 6 || total
-------------------------+-------+-------++-------
Melee: Dagger            |     9 |    75 ||    84
 Fire: Blowgun           |    19 |    50 ||    69
Throw: Tomahawk          |     2 |    10 ||    12
       Throwing net      |       |     2 ||     2
  Use: Potion            |     2 |       ||     2
       Scroll            |       |     2 ||     2
 Stab: Sleeping          |     7 |    23 ||    30
       Distracted        |       |     1 ||     1
  Eat: Chunk             |       |    12 ||    12
